 Dungeon Crawl Stone Soup version 0.19.0-19-g8c6edcc (webtiles) character file.

30 Chiseanne the Magician (level 3, 24/24 HPs)
             Began as a Demonspawn Wizard on Nov 14, 2016.
             Quit the game on level 2 of the Dungeon.
             The game lasted 00:01:22 (1358 turns).

Chiseanne the Magician (Demonspawn Wizard)          Turns: 1358, Time: 00:01:22

Health: 24/24      AC:  2    Str:  7    XL:     3   Next: 5%
Magic:  7/7        EV: 12    Int: 20    God:
Gold:   24         SH:  0    Dex: 11    Spells: 1 memorised, 7 levels left

rFire  . . .     SeeInvis .     e - +0 club
rCold  . . .     Gourm    .     a - +0 robe
rNeg   . . .     Faith    .     (no shield)
rPois  .         Spirit   .     b - +0 hat
rElec  .         Reflect  .     (no cloak)
rCorr  .         Harm     .     (no gloves)
MR     .....                    (no boots)
Stlth  +.........               (no amulet)
                                (no ring)
                                (no ring)

@: no status effects
A: hooves 2
a: no special abilities


You were on level 2 of the Dungeon.
You were not hungry.

You visited 1 branch of the dungeon, and saw 2 of its levels.

You collected 24 gold pieces.

Inventory:

Hand Weapons
 e - a +0 club (weapon)
Missiles
 h - 57 stones (quivered)
 i - 20 arrows
 o - a throwing net
Armour
 a - a +0 robe (worn)
 b - a +0 hat (worn)
Jewellery
 m - a +4 ring of evasion {unknown}
Scrolls
 f - 2 scrolls of remove curse {unknown}
 g - a scroll of identify {unknown}
 k - a scroll of noise {unknown}
Potions
 l - a potion of curing {unknown}
Books
 c - a book of Minor Magic

   Spells                             Type                      Level
   a - Magic Dart                     Conjuration                  1
   b - Blink                          Translocation                2
   c - Call Imp                       Summoning                    2
   d - Repel Missiles                 Charms/Air                   2
   e - Slow                           Hexes                        2
   f - Conjure Flame                  Conjuration/Fire             3
   g - Mephitic Cloud                 Conjuration/Poison/Air       3
Comestibles
 d - a bread ration
 j - 2 beef jerkies
 n - 2 chunks of flesh


   Skills:
 - Level 1.7 Dodging
 - Level 1.7 Stealth
 * Level 3.4 Spellcasting
 * Level 2.3 Conjurations
   Level 1.0 Summonings
   Level 0.8 Translocations


You had 7 spell levels left.
You knew the following spells:

 Your Spells              Type           Power        Failure   Level  Hunger
a - Magic Dart            Conj           ##..         6%          1    None


Dungeon Overview and Level Annotations

Branches:
Dungeon (2/15)

Altars:


Innate Abilities, Weirdness & Mutations

You have hoof-like feet.


Message History

Confirm with . or Enter, or press ? or * to list all spells.
You don't have enough magic to cast that spell.
Casting: Magic Dart
Confirm with . or Enter, or press ? or * to list all spells.
You don't have enough magic to cast that spell.
Casting: Magic Dart
Confirm with . or Enter, or press ? or * to list all spells.
You don't have enough magic to cast that spell.
Casting: Magic Dart
Confirm with . or Enter, or press ? or * to list all spells.
You don't have enough magic to cast that spell.
Unknown command.
Unknown command.
You hit the goblin.
You kill the goblin!
The rat barely misses you.
You hit the rat.
You kill the rat!
Your magical contamination has completely faded away.
Are you sure you want to abandon this character and quit the game? (Confirm with "yes".)

######..#.#..#.
............g.. ######
#....# #.[..# #.#..#
#....############.#..#
..................#..#
#....##.....####..#..#
.....##.....# #..#..#
.######.....####@.#..#
......)...........##..
...)........####.##
............# #.#
............# #.#
###########.# #.# #.#
#.# #.. ... #.. ...


There were no monsters in sight!

Vanquished Creatures
  An ooze (D:1)
  A leopard gecko (D:1)
  2 giant cockroaches (D:1)
  5 goblins
  2 hobgoblins
  3 kobolds (D:1)
  A ball python (D:1)
  5 bats (D:1)
  3 frilled lizards (D:1)
  A rat (D:2)
24 creatures vanquished.

Notes
Turn   | Place    | Note
-------+----------+-------------------------------------------
     0 | D:1      | Chiseanne the Demonspawn Wizard began the quest for the Orb.
     0 | D:1      | Reached XP level 1. HP: 13/13 MP: 4/4
   415 | D:1      | Gained mutation: You have large cloven feet. [demonic ancestry]
   415 | D:1      | Reached XP level 2. HP: 19/19 MP: 1/6
  1282 | D:2      | Gained mutation: You have hoof-like feet. [demonic ancestry]
  1282 | D:2      | Reached XP level 3. HP: 24/24 MP: 2/7
  1358 | D:2      | Quit the game

Skill      XL: |  1  2 |
---------------+-------+-----
Conjurations   | 2 |  2.3
Dodging        | |  1.7
Stealth        | |  1.7
Spellcasting   | |  3.4
Summonings     | |  1.0
Translocations | |  0.8

Action                   || total
-------------------------++-------
Melee: Club              ||    11
       Kick              ||     2
 Cast: Magic Dart        ||    45
  Eat: Chunk             ||     1
Armor: Robe              ||     6
Dodge: Dodged            ||    17
